Chicago Black Hawks vs Hartford Whalers
Created - Saturday, October 26, 2024 at 10:52
Goals
|
| Chicago Black Hawks |
3 |
3 |
0 |
6 |
| Hartford Whalers |
0 |
1 |
1 |
2 |
|
Shots
|
| Chicago Black Hawks |
10 |
22 |
5 |
37 |
| Hartford Whalers |
13 |
7 |
12 |
32 |
|
1st period
1. Chicago Black Hawks , Filip Forsberg 28 (Bo Horvat 38) at 11:15
2. Chicago Black Hawks , Filip Forsberg 29 (Cale Makar 13) at 12:06 (PP)
3. Chicago Black Hawks , Chris Kreider 15 (Bo Horvat 39, Cale Makar 14) at 18:45 (PP)
Penalties :
Charlie McAvoy (HFD) for Tripping (Minor) at 11:30, Seth Jones (CHI) for Hooking (Minor) at 14:57, Nick Suzuki (HFD) for Interference (Minor) at 18:29, Adin Hill (CHI) for Delaying the game (Minor) at 18:59 - Seth Jones served the penalty
2nd period
4. Hartford Whalers , T.J. Oshie 14 (Joshua Norris 13) at 3:21 (PP)
5. Chicago Black Hawks , Sidney Crosby 21 (Brayden Point 30) at 7:12
6. Chicago Black Hawks , Brayden Point 23 (Sidney Crosby 34, Brandon Hagel 19) at 12:28 (PP)
7. Chicago Black Hawks , Lucas Raymond 9 (Kevin Fiala 12) at 17:35
Penalties :
Filip Hronek (CHI) for High sticking (Minor) at 3:20, Devon Toews (CHI) for Tripping (Minor) at 8:49, Lukas Reichel (HFD) for Cross-checking (Minor) at 11:26, Charlie McAvoy (HFD) for High sticking (Minor) at 15:21
3rd period
8. Hartford Whalers , Matthew Coronato 4 (Lukas Reichel 7, Kaiden Guhle 9) at 11:45
Penalties :
Charlie McAvoy (HFD) for Cross-checking (Minor) at 4:39, Bo Horvat (CHI) for Roughing (Minor) at 9:15, Anthony Cirelli (HFD) for Slashing (Minor) at 16:32
Goalie Stats
Adin Hill (CHI), 30 saves from 32 shots - (0.938), W, 11-5-4, 60:00 minutes
Spencer Knight (HFD), 31 saves from 37 shots - (0.838), L, 12-10-1, 60:00 minutes
Players Stats for Chicago Black Hawks
Player Name G A P +/- PIM S H SB GA TA FO MP PP MP PK MP
------------------------------------------------------------------------------------
Alex DeBrincat 0 0 0 0 0 0 1 0 0 0 0/1 7:18 0:00 0:00
Bo Horvat 0 2 2 1 2 2 0 0 0 0 9/15 16:55 3:54 0:00
Brandon Hagel 0 1 1 1 0 2 2 0 0 0 0/0 19:59 3:57 3:08
Brayden Point 1 1 2 0 0 5 1 1 2 0 1/1 17:26 3:57 0:26
Cale Makar 0 2 2 2 0 1 1 0 0 0 0/0 24:11 4:05 4:12
Chris Kreider 1 0 1 0 0 4 1 1 1 0 0/0 16:22 3:54 0:00
Devon Toews 0 0 0 0 2 1 0 3 0 1 0/0 18:37 0:00 3:11
Filip Forsberg 2 0 2 1 0 7 0 0 0 1 0/0 16:49 3:54 0:00
Filip Hronek 0 0 0 0 2 1 1 1 0 2 0/0 19:46 3:46 2:45
Jamie Benn 0 0 0 1 0 0 0 0 0 0 8/16 14:50 0:00 3:54
Kevin Fiala 0 1 1 1 0 3 0 0 0 1 0/0 10:41 0:00 0:00
Lucas Raymond 1 0 1 1 0 1 2 0 1 0 0/0 12:12 0:00 0:55
Marcus Pettersson 0 0 0 0 0 1 3 2 0 0 0/0 13:02 0:00 0:27
Nicholas Paul 0 0 0 0 0 0 1 0 0 0 0/1 10:55 0:00 3:37
Ryan Hartman 0 0 0 0 0 0 1 0 0 0 0/0 11:27 0:00 3:54
Seth Jones 0 0 0 2 2 0 2 0 0 1 0/0 22:04 4:05 1:44
Sidney Crosby 1 1 2 0 0 7 1 0 1 0 19/27 16:34 3:57 0:00
Travis Sanheim 0 0 0 0 0 2 1 3 0 0 0/0 22:51 3:46 3:35
Players Stats for Hartford Whalers
Player Name G A P +/- PIM S H SB GA TA FO MP PP MP PK MP
------------------------------------------------------------------------------------
Alec Martinez 0 0 0 -1 0 1 1 1 0 0 0/0 14:45 0:00 0:54
Anthony Cirelli 0 0 0 0 2 3 0 1 0 0 2/3 19:15 3:59 3:01
Charlie McAvoy 0 0 0 0 6 3 0 0 1 0 0/0 20:10 4:24 0:49
Joshua Norris 0 1 1 0 0 0 4 0 0 1 5/7 19:56 3:58 3:45
Kaapo Kakko 0 0 0 -2 0 2 1 1 1 0 0/8 15:48 3:58 0:43
Kaiden Guhle 0 1 1 -1 0 1 0 0 0 1 0/0 14:12 0:00 0:21
Lukas Reichel 0 1 1 1 2 0 1 0 0 0 1/3 9:14 0:00 0:00
Matthew Coronato 1 0 1 1 0 2 1 0 1 0 0/0 9:24 0:05 0:00
Miles Wood 0 0 0 -1 0 2 0 0 0 0 0/0 12:07 0:00 0:22
Morgan Frost 0 0 0 -1 0 0 0 0 0 0 6/10 11:45 0:00 0:00
Nick Suzuki 0 0 0 0 2 3 1 1 1 0 9/28 20:05 3:59 4:06
Oliver Wahlstrom 0 0 0 1 0 1 1 0 0 0 0/0 9:15 0:00 0:00
Ryan McDonagh 0 0 0 0 0 1 1 0 0 2 0/0 22:52 4:24 3:33
Ryan Suter 0 0 0 -1 0 0 2 0 0 0 0/0 22:56 3:33 3:57
T.J. Oshie 1 0 1 -1 0 5 1 0 0 0 0/0 15:41 3:58 0:00
Taylor Hall 0 0 0 -2 0 3 0 0 0 0 0/0 10:54 0:00 0:00
Tomas Tatar 0 0 0 -2 0 4 2 0 1 0 1/2 18:37 3:54 3:45
Torey Krug 0 0 0 -1 0 1 1 1 1 1 0/0 25:07 3:33 6:08
3 Stars
1 - Filip Forsberg (CHI)
2 - Brayden Point (CHI)
3 - Cale Makar (CHI)
Power Play
Chicago Black Hawks - 3 on 6 Attempt(s) - 50.00%
Hartford Whalers - 1 on 5 Attempt(s) - 20.00%
Penalty Kill
Chicago Black Hawks - 4 on 5 Attempt(s) - 80.00%
- Score 0 goal in Penalty Kill
Hartford Whalers - 3 on 6 Attempt(s) - 50.00%
- Score 0 goal in Penalty Kill
Team Stat
Chicago Black Hawks - Hits : 18 - Faceoff Wins : 37 - Blocked Shots : 11 - Penalty Minutes : 10
Hartford Whalers - Hits : 17 - Faceoff Wins : 24 - Blocked Shots : 5 - Penalty Minutes : 12
Official
Referees : Marc Joannette and Wes Mccauley
Linesman : Travis Toomey and CJ Murray
Game Notes
No Game Note
Finance
Level 1 -- Attendance: 6460 (64.60%) -- Ticket Income $581,400
Level 2 -- Attendance: 4601 (92.02%) -- Ticket Income $253,055
Level 3 -- Attendance: 3000 (100.00%) -- Ticket Income $90,000
Level 4 -- Attendance: 4649 (92.98%) -- Ticket Income $92,980
Luxury Box -- Attendance: 1000 (100.00%) -- Ticket Income $190,000
Game was played at the Hartford Civic Center.
Total Attendance: 19710 (82.13%)
Total Ticket Income: $1,207,435
Other Income: $422,602
Total Income: $1,630,037
Chicago Black Hawks
5 vs 5 Forward
Center Left Wing Right Wing Time % Phy DF OF
1 Sidney Crosby Chris Kreider Brayden Point 30 0 1 4
2 Bo Horvat Filip Forsberg Brandon Hagel 30 0 2 3
3 Jamie Benn Kevin Fiala Lucas Raymond 25 0 1 4
4 Nicholas Paul Alex DeBrincat Ryan Hartman 15 0 2 3
5 vs 5 Defense
Defense Defense Time % Phy DF OF
1 Cale Makar Seth Jones 36 0 3 2
2 Devon Toews Travis Sanheim 34 0 3 2
3 Marcus Pettersson Filip Hronek 20 0 4 1
4 Cale Makar Seth Jones 10 0 4 1
PowerPlay Forward
Center Left Wing Right Wing Time % Phy DF OF
1 Sidney Crosby Brandon Hagel Brayden Point 50 0 0 5
2 Bo Horvat Filip Forsberg Chris Kreider 50 0 0 5
PowerPlay Defense
Defense Defense Time % Phy DF OF
1 Cale Makar Seth Jones 50 0 1 4
2 Travis Sanheim Filip Hronek 50 0 1 4
Penalty Kill 4 Players Forward
Center Wing Time % Phy DF OF
1 Jamie Benn Ryan Hartman 50 0 5 0
2 Nicholas Paul Brandon Hagel 50 0 5 0
Penalty Kill 4 Players Defense
Defense Defense Time % Phy DF OF
1 Seth Jones Devon Toews 50 0 5 0
2 Cale Makar Travis Sanheim 50 0 5 0
Penalty Kill - 3 Players Forward
Forward Time % Phy DF OF
1 Ryan Hartman 50 0 5 0
2 Nicholas Paul 50 0 5 0
Penalty Kill - 3 Players Defense
Defense Defense Time % Phy DF OF
1 Cale Makar Seth Jones 50 0 5 0
2 Devon Toews Marcus Pettersson 50 0 5 0
4 vs 4 Forward
Center Wing Time % Phy DF OF
1 Jamie Benn Kevin Fiala 50 0 2 3
2 Nicholas Paul Alex DeBrincat 50 1 1 3
4 vs 4 Defense
Defense Defense Time % Phy DF OF
1 Devon Toews Filip Hronek 50 0 3 2
2 Marcus Pettersson Cale Makar 50 0 3 2
Last Minutes Offensive
Center Left Wing Right Wing Defense Defense
Sidney Crosby Chris Kreider Brayden Point Cale Makar Seth Jones
Last Minutes Defensive
Center Left Wing Right Wing Defense Defense
Nicholas Paul Brandon Hagel Ryan Hartman Cale Makar Seth Jones
Goaltenders
Starting : Adin Hill
Backup : Thatcher Demko
Extra Forwards
Normal : Alex DeBrincat, Lucas Raymond, Kevin Fiala - PP : Alex DeBrincat, Lucas Raymond - PK : Brandon Hagel
Extra Defensemen
Normal : Filip Hronek, Marcus Pettersson, Devon Toews - PP : Travis Sanheim - PK : Devon Toews, Filip Hronek
Penalty Shots
Lucas Raymond, Alex DeBrincat, Sidney Crosby, Brayden Point, Devon Toews
Scratches
Caleb Jones (Healthy)
Hartford Whalers
5 vs 5 Forward
Center Left Wing Right Wing Time % Phy DF OF
1 Nick Suzuki Anthony Cirelli Joshua Norris 30 1 2 2
2 Morgan Frost T.J. Oshie Miles Wood 30 1 2 2
3 Kaapo Kakko Taylor Hall Tomas Tatar 25 1 2 2
4 Lukas Reichel Oliver Wahlstrom Matthew Coronato 15 1 2 2
5 vs 5 Defense
Defense Defense Time % Phy DF OF
1 Charlie McAvoy Ryan McDonagh 35 1 2 2
2 Torey Krug Ryan Suter 35 1 2 2
3 Kaiden Guhle Alec Martinez 30 1 2 2
4 Charlie McAvoy Ryan McDonagh 0 1 2 2
PowerPlay Forward
Center Left Wing Right Wing Time % Phy DF OF
1 Nick Suzuki Anthony Cirelli Tomas Tatar 50 1 2 2
2 Joshua Norris Kaapo Kakko T.J. Oshie 50 1 2 2
PowerPlay Defense
Defense Defense Time % Phy DF OF
1 Charlie McAvoy Ryan McDonagh 50 1 2 2
2 Torey Krug Ryan Suter 50 1 2 2
Penalty Kill 4 Players Forward
Center Wing Time % Phy DF OF
1 Nick Suzuki Anthony Cirelli 50 1 2 2
2 Joshua Norris Tomas Tatar 50 1 2 2
Penalty Kill 4 Players Defense
Defense Defense Time % Phy DF OF
1 Charlie McAvoy Ryan McDonagh 50 1 2 2
2 Torey Krug Ryan Suter 50 1 2 2
Penalty Kill - 3 Players Forward
Forward Time % Phy DF OF
1 Nick Suzuki 50 1 2 2
2 Anthony Cirelli 50 1 2 2
Penalty Kill - 3 Players Defense
Defense Defense Time % Phy DF OF
1 Charlie McAvoy Ryan McDonagh 50 1 2 2
2 Torey Krug Ryan Suter 50 1 2 2
4 vs 4 Forward
Center Wing Time % Phy DF OF
1 Nick Suzuki Anthony Cirelli 50 1 2 2
2 Joshua Norris Kaapo Kakko 50 1 2 2
4 vs 4 Defense
Defense Defense Time % Phy DF OF
1 Charlie McAvoy Ryan McDonagh 50 1 2 2
2 Torey Krug Ryan Suter 50 1 2 2
Last Minutes Offensive
Center Left Wing Right Wing Defense Defense
Nick Suzuki Anthony Cirelli Joshua Norris Charlie McAvoy Ryan McDonagh
Last Minutes Defensive
Center Left Wing Right Wing Defense Defense
Nick Suzuki Anthony Cirelli Joshua Norris Charlie McAvoy Ryan McDonagh
Goaltenders
Starting : Spencer Knight
Backup : Anton Forsberg
Extra Forwards
Normal : Tomas Tatar, Nick Suzuki, Kaapo Kakko - PP : Tomas Tatar, Anthony Cirelli - PK : Kaapo Kakko
Extra Defensemen
Normal : Ryan McDonagh, Charlie McAvoy, Torey Krug - PP : Charlie McAvoy - PK : Charlie McAvoy, Torey Krug
Penalty Shots
Nick Suzuki, Anthony Cirelli, Joshua Norris, Morgan Frost, T.J. Oshie
Scratches
Josh Anderson (Right Leg Injury), Braden Schneider (Healthy)
% Time on Ice - Chicago Black Hawks
Lines # - Real PCT - Wanted PCT - Time Play
Normal Forward
1 - 29% - 30% - 12:59
2 - 30% - 30% - 13:14
3 - 24% - 25% - 10:41
4 - 17% - 15% - 7:18
Normal Defense
1 - 36% - 36% - 15:42
2 - 37% - 34% - 16:09
3 - 25% - 20% - 11:14
4 - 3% - 10% - 1:07
PP Forward
1 - 50% - 50% - 3:57
2 - 50% - 50% - 3:54
PP Defense
1 - 52% - 50% - 4:05
2 - 48% - 50% - 3:46
PK Forward
1 - 52% - 50% - 4:06
2 - 48% - 50% - 3:51
PK Defense
1 - 55% - 50% - 4:22
2 - 45% - 50% - 3:35
PK3 Forward
1 - 0% - 50%
2 - 0% - 50%
PK3 Defense
1 - 0% - 50%
2 - 0% - 50%
44 Forward
1 - 0% - 50%
2 - 0% - 50%
44 Defense
1 - 0% - 50%
2 - 0% - 50%
Last Minute Offensive - 0:00
Last Minute Defensive - 0:00
Total
Forward - 60:00
Defense - 60:00
|
% Time on Ice - Hartford Whalers
Lines # - Real PCT - Wanted PCT - Time Play
Normal Forward
1 - 27% - 30% - 12:01
2 - 27% - 30% - 12:02
3 - 25% - 25% - 10:54
4 - 21% - 15% - 9:15
Normal Defense
1 - 35% - 35% - 15:20
2 - 35% - 35% - 15:26
3 - 30% - 30% - 13:26
4 - 0% - 0% - 0:00
PP Forward
1 - 50% - 50% - 3:59
2 - 50% - 50% - 3:58
PP Defense
1 - 55% - 50% - 4:24
2 - 45% - 50% - 3:33
PK Forward
1 - 52% - 50% - 4:06
2 - 48% - 50% - 3:45
PK Defense
1 - 50% - 50% - 3:54
2 - 50% - 50% - 3:57
PK3 Forward
1 - 0% - 50%
2 - 0% - 50%
PK3 Defense
1 - 0% - 50%
2 - 0% - 50%
44 Forward
1 - 0% - 50%
2 - 0% - 50%
44 Defense
1 - 0% - 50%
2 - 0% - 50%
Last Minute Offensive - 0:00
Last Minute Defensive - 0:00
Total
Forward - 60:00
Defense - 60:00
|
Play-by-Play
1st period
0:01 of 1st period - Nick Suzuki wins face-off versus Sidney Crosby in neutral zone.
0:12 of 1st period - Slapshot by Nick Suzuki.
0:12 of 1st period - Shot Misses the Net.
0:16 of 1st period - Snap shot by Nick Suzuki.
0:16 of 1st period - Stopped by Adin Hill with a rebound.
1:30 of 1st period - Snap shot by Sidney Crosby.
1:30 of 1st period - Deflect By Brayden Point.
1:30 of 1st period - Shot Blocked by Alec Martinez.
1:30 of 1st period - Puck is out of play.
1:31 of 1st period - Nick Suzuki wins face-off versus Sidney Crosby in Hartford Whalers zone.
1:46 of 1st period - Wrist shot by Sidney Crosby.
1:46 of 1st period - Stopped by Spencer Knight without a rebound.
1:47 of 1st period - Morgan Frost wins face-off versus Bo Horvat in Hartford Whalers zone.
1:56 of 1st period - Wrist shot by T.J. Oshie.
1:56 of 1st period - Shot Blocked by Marcus Pettersson.
2:22 of 1st period - Snap shot by Taylor Hall.
2:22 of 1st period - Shot Misses the Net.
3:10 of 1st period - Snap shot by Filip Forsberg.
3:10 of 1st period - Stopped by Spencer Knight with a rebound.
3:12 of 1st period - Slapshot by Devon Toews.
3:12 of 1st period - Stopped by Spencer Knight without a rebound.
3:13 of 1st period - Nick Suzuki wins face-off versus Sidney Crosby in Hartford Whalers zone.
3:18 of 1st period - Devon Toews is hit by Joshua Norris.
4:05 of 1st period - Snap shot by Kevin Fiala.
4:05 of 1st period - Shot Misses the Net.
5:13 of 1st period - Wrist shot by Filip Forsberg.
5:13 of 1st period - Shot Misses the Net.
6:31 of 1st period - Slapshot by T.J. Oshie.
6:31 of 1st period - Shot Misses the Net.
6:37 of 1st period - Morgan Frost is hit by Marcus Pettersson and loses puck.
7:14 of 1st period - Wrist shot by Alex DeBrincat.
7:14 of 1st period - Shot Misses the Net.
7:35 of 1st period - Nick Suzuki is hit by Chris Kreider and loses puck.
7:57 of 1st period - Morgan Frost is hit by Marcus Pettersson and loses puck.
8:01 of 1st period - Icing by Alec Martinez.
8:02 of 1st period - Jamie Benn wins face-off versus Morgan Frost in Hartford Whalers zone.
8:05 of 1st period - Snap shot by Kevin Fiala.
8:05 of 1st period - Stopped by Spencer Knight with a rebound.
8:38 of 1st period - Snap shot by Taylor Hall.
8:38 of 1st period - Stopped by Adin Hill with a rebound.
8:40 of 1st period - Slapshot by Kaiden Guhle.
8:40 of 1st period - Deflect By Sidney Crosby.
8:40 of 1st period - Stopped by Adin Hill with a rebound.
8:42 of 1st period - Slapshot by Tomas Tatar.
8:42 of 1st period - Stopped by Adin Hill with a rebound.
8:54 of 1st period - Snap shot by Filip Forsberg.
8:54 of 1st period - Stopped by Spencer Knight with a rebound.
9:06 of 1st period - Wrist shot by Bo Horvat.
9:06 of 1st period - Stopped by Spencer Knight without a rebound.
9:07 of 1st period - Jamie Benn wins face-off versus Kaapo Kakko in Hartford Whalers zone.
9:39 of 1st period - Slapshot by Filip Forsberg.
9:39 of 1st period - Stopped by Spencer Knight without a rebound.
9:40 of 1st period - Sidney Crosby wins face-off versus Nick Suzuki in Hartford Whalers zone.
10:13 of 1st period - Marcus Pettersson is hit by T.J. Oshie and loses puck.
11:15 of 1st period - Snap shot by Filip Forsberg.
11:15 of 1st period - Goal by Filip Forsberg - Chicago Black Hawks : 1 - Hartford Whalers : 0.
11:16 of 1st period - Sidney Crosby wins face-off versus Nick Suzuki in neutral zone.
11:30 of 1st period - Minor Penalty to Charlie McAvoy for Tripping.
11:31 of 1st period - Nick Suzuki wins face-off versus Sidney Crosby in Hartford Whalers zone.
12:02 of 1st period - Snap shot by Filip Forsberg.
12:02 of 1st period - Shot Blocked by Anthony Cirelli.
12:04 of 1st period - Slapshot by Cale Makar.
12:04 of 1st period - Shot Misses the Net.
12:06 of 1st period - Slapshot by Filip Forsberg.
12:06 of 1st period - Goal by Filip Forsberg - Chicago Black Hawks : 2 - Hartford Whalers : 0.
12:07 of 1st period - Morgan Frost wins face-off versus Sidney Crosby in neutral zone.
12:12 of 1st period - Snap shot by Morgan Frost.
12:12 of 1st period - Shot Blocked by Travis Sanheim.
12:14 of 1st period - Wrist shot by T.J. Oshie.
12:14 of 1st period - Stopped by Adin Hill without a rebound.
12:15 of 1st period - Sidney Crosby wins face-off versus Morgan Frost in Chicago Black Hawks zone.
13:30 of 1st period - Wrist shot by T.J. Oshie.
13:30 of 1st period - Stopped by Adin Hill without a rebound.
13:31 of 1st period - Jamie Benn wins face-off versus Nick Suzuki in Chicago Black Hawks zone.
13:31 of 1st period - Jamie Benn is hit by Nick Suzuki.
14:21 of 1st period - Snap shot by Kaapo Kakko.
14:21 of 1st period - Shot Misses the Net.
14:23 of 1st period - Slapshot by Kaapo Kakko.
14:23 of 1st period - Shot Blocked by Filip Hronek.
14:25 of 1st period - Backhand shot by Ryan Suter.
14:25 of 1st period - Deflect By Taylor Hall.
14:25 of 1st period - Stopped by Adin Hill with a rebound.
14:27 of 1st period - Snap shot by Kaapo Kakko.
14:27 of 1st period - Stopped by Adin Hill with a rebound.
14:29 of 1st period - Wrist shot by Taylor Hall.
14:29 of 1st period - Stopped by Adin Hill with a rebound.
14:31 of 1st period - Wrist shot by Torey Krug.
14:31 of 1st period - Shot Blocked by Marcus Pettersson.
14:33 of 1st period - Slapshot by Torey Krug.
14:33 of 1st period - Stopped by Adin Hill without a rebound.
14:34 of 1st period - Nick Suzuki wins face-off versus Bo Horvat in Chicago Black Hawks zone.
14:43 of 1st period - Snap shot by Joshua Norris.
14:43 of 1st period - Shot Misses the Net.
14:49 of 1st period - Snap shot by Joshua Norris.
14:49 of 1st period - Shot Misses the Net.
14:57 of 1st period - Minor Penalty to Seth Jones for Hooking.
14:58 of 1st period - Nick Suzuki wins face-off versus Jamie Benn in Chicago Black Hawks zone.
15:03 of 1st period - Snap shot by Anthony Cirelli.
15:03 of 1st period - Stopped by Adin Hill without a rebound.
15:04 of 1st period - Jamie Benn wins face-off versus Nick Suzuki in Chicago Black Hawks zone.
15:49 of 1st period - Tomas Tatar is hit by Brandon Hagel and loses puck.
16:57 of 1st period - Penalty to Seth Jones is over, Seth Jones is back on ice.
18:29 of 1st period - Minor Penalty to Nick Suzuki for Interference.
18:30 of 1st period - Joshua Norris wins face-off versus Bo Horvat in Hartford Whalers zone.
18:36 of 1st period - Cale Makar is hit by Joshua Norris and loses puck.
18:45 of 1st period - Snap shot by Chris Kreider.
18:45 of 1st period - Goal by Chris Kreider - Chicago Black Hawks : 3 - Hartford Whalers : 0.
18:46 of 1st period - Nick Suzuki wins face-off versus Jamie Benn in neutral zone.
18:49 of 1st period - Wrist shot by Anthony Cirelli.
18:49 of 1st period - Shot Misses the Net.
18:51 of 1st period - Slapshot by Ryan Suter.
18:51 of 1st period - Shot Misses the Net.
18:53 of 1st period - Snap shot by Nick Suzuki.
18:53 of 1st period - Stopped by Adin Hill without a rebound.
18:54 of 1st period - Nick Suzuki wins face-off versus Jamie Benn in Chicago Black Hawks zone.
18:59 of 1st period - Slapshot by Anthony Cirelli.
18:59 of 1st period - Stopped by Adin Hill without a rebound.
18:59 of 1st period - Minor Penalty to Adin Hill for Delaying the game.
19:00 of 1st period - Joshua Norris wins face-off versus Jamie Benn in Chicago Black Hawks zone.
Goals for this period are 3 for Chicago Black Hawks vs 0 for Hartford Whalers.
Shots for this period are 10 for Chicago Black Hawks vs 13 for Hartford Whalers.
2nd period
0:01 of 2nd period - Nick Suzuki wins face-off versus Nicholas Paul in neutral zone.
0:20 of 2nd period - Snap shot by Jamie Benn.
0:20 of 2nd period - Shot Misses the Net.
0:44 of 2nd period - Nicholas Paul is hit by Ryan Suter and loses puck.
0:59 of 2nd period - Penalty to Seth Jones is over, Seth Jones is back on ice.
1:13 of 2nd period - Wrist shot by Oliver Wahlstrom.
1:13 of 2nd period - Stopped by Adin Hill without a rebound.
1:14 of 2nd period - Morgan Frost wins face-off versus Sidney Crosby in Chicago Black Hawks zone.
1:21 of 2nd period - Snap shot by Morgan Frost.
1:21 of 2nd period - Shot Blocked by Chris Kreider.
2:12 of 2nd period - Slapshot by Tomas Tatar.
2:12 of 2nd period - Stopped by Adin Hill with a rebound.
2:25 of 2nd period - Icing by Travis Sanheim.
2:26 of 2nd period - Lukas Reichel wins face-off versus Alex DeBrincat in Chicago Black Hawks zone.
2:29 of 2nd period - Wrist shot by Matthew Coronato.
2:29 of 2nd period - Shot Misses the Net.
3:12 of 2nd period - Ryan McDonagh is hit by Lucas Raymond and loses puck.
3:20 of 2nd period - Minor Penalty to Filip Hronek for High sticking.
3:21 of 2nd period - Joshua Norris wins face-off versus Jamie Benn in Chicago Black Hawks zone.
3:21 of 2nd period - Snap shot by T.J. Oshie.
3:21 of 2nd period - Goal by T.J. Oshie - Chicago Black Hawks : 3 - Hartford Whalers : 1.
3:22 of 2nd period - Bo Horvat wins face-off versus Nick Suzuki in neutral zone.
3:34 of 2nd period - Snap shot by Joshua Norris.
3:34 of 2nd period - Shot Misses the Net.
3:36 of 2nd period - Slapshot by Charlie McAvoy.
3:36 of 2nd period - Stopped by Adin Hill without a rebound.
3:37 of 2nd period - Jamie Benn wins face-off versus Kaapo Kakko in Chicago Black Hawks zone.
3:41 of 2nd period - Off-side.
3:42 of 2nd period - Tomas Tatar wins face-off versus Jamie Benn in neutral zone.
3:45 of 2nd period - Lucas Raymond is hit by Tomas Tatar and loses puck.
4:10 of 2nd period - Wrist shot by T.J. Oshie.
4:10 of 2nd period - Deflect By Devon Toews.
4:10 of 2nd period - Stopped by Adin Hill with a rebound.
4:40 of 2nd period - Snap shot by Nick Suzuki.
4:40 of 2nd period - Shot Misses the Net.
4:56 of 2nd period - Slapshot by Chris Kreider.
4:56 of 2nd period - Stopped by Spencer Knight with a rebound.
5:29 of 2nd period - Icing by Tomas Tatar.
5:30 of 2nd period - Bo Horvat wins face-off versus Kaapo Kakko in Hartford Whalers zone.
5:45 of 2nd period - Slapshot by Charlie McAvoy.
5:45 of 2nd period - Stopped by Adin Hill without a rebound.
5:46 of 2nd period - Sidney Crosby wins face-off versus Nick Suzuki in Chicago Black Hawks zone.
7:06 of 2nd period - Icing by Kaiden Guhle.
7:07 of 2nd period - Brayden Point wins face-off versus Kaapo Kakko in Hartford Whalers zone.
7:08 of 2nd period - Snap shot by Sidney Crosby.
7:08 of 2nd period - Stopped by Spencer Knight with a rebound.
7:10 of 2nd period - Snap shot by Brayden Point.
7:10 of 2nd period - Deflect By Sidney Crosby.
7:10 of 2nd period - Stopped by Spencer Knight with a rebound.
7:12 of 2nd period - Wrist shot by Sidney Crosby.
7:12 of 2nd period - Goal by Sidney Crosby - Chicago Black Hawks : 4 - Hartford Whalers : 1.
7:13 of 2nd period - Sidney Crosby wins face-off versus Morgan Frost in neutral zone.
8:07 of 2nd period - Matthew Coronato is hit by Brandon Hagel and loses puck.
8:20 of 2nd period - Wrist shot by Filip Forsberg.
8:20 of 2nd period - Stopped by Spencer Knight with a rebound.
8:49 of 2nd period - Minor Penalty to Devon Toews for Tripping.
8:50 of 2nd period - Jamie Benn wins face-off versus Kaapo Kakko in Chicago Black Hawks zone.
8:54 of 2nd period - T.J. Oshie is hit by Ryan Hartman and loses puck.
10:26 of 2nd period - Ryan McDonagh is hit by Nicholas Paul and loses puck.
10:49 of 2nd period - Penalty to Devon Toews is over, Devon Toews is back on ice.
10:49 of 2nd period - Joshua Norris is hit by Lucas Raymond and loses puck.
11:04 of 2nd period - Wrist shot by Chris Kreider.
11:04 of 2nd period - Shot Misses the Net.
11:06 of 2nd period - Slapshot by Marcus Pettersson.
11:06 of 2nd period - Stopped by Spencer Knight without a rebound.
11:07 of 2nd period - Sidney Crosby wins face-off versus Lukas Reichel in Hartford Whalers zone.
11:26 of 2nd period - Minor Penalty to Lukas Reichel for Cross-checking.
11:27 of 2nd period - Bo Horvat wins face-off versus Joshua Norris in Hartford Whalers zone.
11:30 of 2nd period - Slapshot by Chris Kreider.
11:30 of 2nd period - Shot Misses the Net.
11:32 of 2nd period - Slapshot by Cale Makar.
11:32 of 2nd period - Stopped by Spencer Knight with a rebound.
11:34 of 2nd period - Snap shot by Filip Forsberg.
11:34 of 2nd period - Stopped by Spencer Knight without a rebound.
11:35 of 2nd period - Bo Horvat wins face-off versus Joshua Norris in Hartford Whalers zone.
12:20 of 2nd period - Slapshot by Chris Kreider.
12:20 of 2nd period - Stopped by Spencer Knight without a rebound.
12:21 of 2nd period - Sidney Crosby wins face-off versus Nick Suzuki in Hartford Whalers zone.
12:26 of 2nd period - Wrist shot by Sidney Crosby.
12:26 of 2nd period - Stopped by Spencer Knight with a rebound.
12:28 of 2nd period - Slapshot by Brayden Point.
12:28 of 2nd period - Goal by Brayden Point - Chicago Black Hawks : 5 - Hartford Whalers : 1.
12:29 of 2nd period - Jamie Benn wins face-off versus Nick Suzuki in neutral zone.
12:44 of 2nd period - Snap shot by Anthony Cirelli.
12:44 of 2nd period - Shot Misses the Net.
13:26 of 2nd period - Slapshot by Matthew Coronato.
13:26 of 2nd period - Shot Misses the Net.
14:44 of 2nd period - Bo Horvat is hit by Ryan McDonagh and loses puck.
14:53 of 2nd period - Snap shot by Filip Forsberg.
14:53 of 2nd period - Shot Misses the Net.
14:55 of 2nd period - Slapshot by Marcus Pettersson.
14:55 of 2nd period - Shot Misses the Net.
15:14 of 2nd period - Ryan McDonagh is hit by Alex DeBrincat and loses puck.
15:21 of 2nd period - Minor Penalty to Charlie McAvoy for High sticking.
15:22 of 2nd period - Sidney Crosby wins face-off versus Nick Suzuki in Hartford Whalers zone.
15:23 of 2nd period - Snap shot by Brayden Point.
15:23 of 2nd period - Stopped by Spencer Knight with a rebound.
15:25 of 2nd period - Wrist shot by Brandon Hagel.
15:25 of 2nd period - Stopped by Spencer Knight with a rebound.
15:33 of 2nd period - Slapshot by Brayden Point.
15:33 of 2nd period - Stopped by Spencer Knight with a rebound.
15:35 of 2nd period - Snap shot by Travis Sanheim.
15:35 of 2nd period - Shot Blocked by Nick Suzuki.
15:37 of 2nd period - Snap shot by Sidney Crosby.
15:37 of 2nd period - Stopped by Spencer Knight with a rebound.
15:39 of 2nd period - Wrist shot by Sidney Crosby.
15:39 of 2nd period - Stopped by Spencer Knight without a rebound.
15:40 of 2nd period - Bo Horvat wins face-off versus Tomas Tatar in Hartford Whalers zone.
15:47 of 2nd period - Wrist shot by Chris Kreider.
15:47 of 2nd period - Stopped by Spencer Knight with a rebound.
15:49 of 2nd period - Slapshot by Travis Sanheim.
15:49 of 2nd period - Stopped by Spencer Knight with a rebound.
15:51 of 2nd period - Slapshot by Filip Hronek.
15:51 of 2nd period - Deflect By Joshua Norris.
15:51 of 2nd period - Stopped by Spencer Knight without a rebound.
15:52 of 2nd period - Sidney Crosby wins face-off versus Nick Suzuki in Hartford Whalers zone.
15:59 of 2nd period - Snap shot by Brayden Point.
15:59 of 2nd period - Shot Misses the Net.
16:01 of 2nd period - Snap shot by Brandon Hagel.
16:01 of 2nd period - Stopped by Spencer Knight without a rebound.
16:02 of 2nd period - Anthony Cirelli wins face-off versus Sidney Crosby in Hartford Whalers zone.
16:11 of 2nd period - Ryan McDonagh is hit by Filip Hronek.
16:14 of 2nd period - Off-side.
16:15 of 2nd period - Joshua Norris wins face-off versus Sidney Crosby in neutral zone.
16:26 of 2nd period - Snap shot by Brayden Point.
16:26 of 2nd period - Stopped by Spencer Knight without a rebound.
16:27 of 2nd period - Sidney Crosby wins face-off versus Nick Suzuki in Hartford Whalers zone.
16:59 of 2nd period - Off-side.
17:00 of 2nd period - Anthony Cirelli wins face-off versus Bo Horvat in neutral zone.
17:21 of 2nd period - Penalty to Charlie McAvoy is over, Charlie McAvoy is back on ice.
17:35 of 2nd period - Snap shot by Lucas Raymond.
17:35 of 2nd period - Goal by Lucas Raymond - Chicago Black Hawks : 6 - Hartford Whalers : 1.
17:36 of 2nd period - Sidney Crosby wins face-off versus Anthony Cirelli in neutral zone.
18:33 of 2nd period - Wrist shot by Filip Forsberg.
18:33 of 2nd period - Shot Blocked by Kaapo Kakko.
19:31 of 2nd period - Lukas Reichel is hit by Marcus Pettersson and loses puck.
19:40 of 2nd period - Slapshot by Lukas Reichel.
19:40 of 2nd period - Deflect By Oliver Wahlstrom.
19:40 of 2nd period - Shot Misses the Net.
19:40 of 2nd period - Puck is out of play.
19:41 of 2nd period - Sidney Crosby wins face-off versus Nick Suzuki in Chicago Black Hawks zone.
19:50 of 2nd period - Wrist shot by Nick Suzuki.
19:50 of 2nd period - Stopped by Adin Hill with a rebound.
19:52 of 2nd period - Slapshot by Torey Krug.
19:52 of 2nd period - Shot Misses the Net.
19:54 of 2nd period - Wrist shot by Torey Krug.
19:54 of 2nd period - Deflect By Anthony Cirelli.
19:54 of 2nd period - Shot Blocked by Brayden Point.
19:54 of 2nd period - Puck is out of play.
19:55 of 2nd period - Sidney Crosby wins face-off versus Morgan Frost in Chicago Black Hawks zone.
Goals for this period are 3 for Chicago Black Hawks vs 1 for Hartford Whalers.
Shots for this period are 22 for Chicago Black Hawks vs 7 for Hartford Whalers.
3rd period
0:01 of 3rd period - Sidney Crosby wins face-off versus Nick Suzuki in neutral zone.
0:04 of 3rd period - Snap shot by Brayden Point.
0:04 of 3rd period - Stopped by Spencer Knight with a rebound.
0:08 of 3rd period - Wrist shot by Brayden Point.
0:08 of 3rd period - Shot Misses the Net.
0:12 of 3rd period - Wrist shot by Brayden Point.
0:12 of 3rd period - Shot Misses the Net.
0:14 of 3rd period - Snap shot by Sidney Crosby.
0:14 of 3rd period - Deflect By Chris Kreider.
0:14 of 3rd period - Shot Misses the Net.
0:14 of 3rd period - Puck is out of play.
0:15 of 3rd period - Morgan Frost wins face-off versus Jamie Benn in Hartford Whalers zone.
0:41 of 3rd period - Seth Jones is hit by Joshua Norris and loses puck.
1:55 of 3rd period - Off-side.
1:56 of 3rd period - Bo Horvat wins face-off versus Nick Suzuki in neutral zone.
3:19 of 3rd period - Snap shot by Nick Suzuki.
3:19 of 3rd period - Shot Blocked by Devon Toews.
3:21 of 3rd period - Wrist shot by Charlie McAvoy.
3:21 of 3rd period - Shot Misses the Net.
3:23 of 3rd period - Slapshot by Ryan McDonagh.
3:23 of 3rd period - Stopped by Adin Hill without a rebound.
3:24 of 3rd period - Morgan Frost wins face-off versus Bo Horvat in Chicago Black Hawks zone.
3:33 of 3rd period - Snap shot by T.J. Oshie.
3:33 of 3rd period - Stopped by Adin Hill with a rebound.
3:39 of 3rd period - Snap shot by Filip Forsberg.
3:39 of 3rd period - Shot Misses the Net.
3:41 of 3rd period - Slapshot by Travis Sanheim.
3:41 of 3rd period - Stopped by Spencer Knight with a rebound.
4:02 of 3rd period - Chris Kreider is hit by Torey Krug and loses puck.
4:20 of 3rd period - Icing by Jamie Benn.
4:21 of 3rd period - Jamie Benn wins face-off versus Kaapo Kakko in Chicago Black Hawks zone.
4:21 of 3rd period - Kevin Fiala is hit by Tomas Tatar and loses puck.
4:27 of 3rd period - Filip Hronek is hit by Kaapo Kakko and loses puck.
4:36 of 3rd period - Slapshot by Kevin Fiala.
4:36 of 3rd period - Stopped by Spencer Knight without a rebound.
4:37 of 3rd period - Morgan Frost wins face-off versus Bo Horvat in Hartford Whalers zone.
4:39 of 3rd period - Minor Penalty to Charlie McAvoy for Cross-checking.
4:40 of 3rd period - Sidney Crosby wins face-off versus Nick Suzuki in Hartford Whalers zone.
5:32 of 3rd period - Alec Martinez is hit by Seth Jones and loses puck.
6:29 of 3rd period - Kaiden Guhle is hit by Brayden Point and loses puck.
6:39 of 3rd period - Penalty to Charlie McAvoy is over, Charlie McAvoy is back on ice.
6:48 of 3rd period - Wrist shot by Miles Wood.
6:48 of 3rd period - Stopped by Adin Hill with a rebound.
6:50 of 3rd period - Slapshot by Miles Wood.
6:50 of 3rd period - Stopped by Adin Hill with a rebound.
7:21 of 3rd period - Travis Sanheim is hit by Ryan Suter and loses puck.
8:14 of 3rd period - Morgan Frost is hit by Seth Jones and loses puck.
9:03 of 3rd period - Slapshot by Taylor Hall.
9:03 of 3rd period - Shot Misses the Net.
9:05 of 3rd period - Snap shot by Alec Martinez.
9:05 of 3rd period - Stopped by Adin Hill with a rebound.
9:15 of 3rd period - Minor Penalty to Bo Horvat for Roughing.
9:16 of 3rd period - Joshua Norris wins face-off versus Jamie Benn in Chicago Black Hawks zone.
9:19 of 3rd period - Wrist shot by T.J. Oshie.
9:19 of 3rd period - Shot Blocked by Devon Toews.
9:43 of 3rd period - Slapshot by Anthony Cirelli.
9:43 of 3rd period - Stopped by Adin Hill with a rebound.
9:45 of 3rd period - Slapshot by Ryan Suter.
9:45 of 3rd period - Shot Blocked by Devon Toews.
9:47 of 3rd period - Slapshot by Tomas Tatar.
9:47 of 3rd period - Stopped by Adin Hill with a rebound.
11:15 of 3rd period - Penalty to Bo Horvat is over, Bo Horvat is back on ice.
11:27 of 3rd period - Snap shot by Matthew Coronato.
11:27 of 3rd period - Stopped by Adin Hill without a rebound.
11:28 of 3rd period - Sidney Crosby wins face-off versus Lukas Reichel in Chicago Black Hawks zone.
11:28 of 3rd period - Sidney Crosby is hit by Oliver Wahlstrom.
11:34 of 3rd period - Sidney Crosby is hit by Lukas Reichel and loses puck.
11:45 of 3rd period - Snap shot by Matthew Coronato.
11:45 of 3rd period - Goal by Matthew Coronato - Chicago Black Hawks : 6 - Hartford Whalers : 2.
11:46 of 3rd period - Bo Horvat wins face-off versus Nick Suzuki in neutral zone.
12:52 of 3rd period - Wrist shot by Bo Horvat.
12:52 of 3rd period - Stopped by Spencer Knight with a rebound.
12:57 of 3rd period - Ryan McDonagh is hit by Travis Sanheim and loses puck.
13:02 of 3rd period - Snap shot by Tomas Tatar.
13:02 of 3rd period - Stopped by Adin Hill with a rebound.
13:04 of 3rd period - Snap shot by Charlie McAvoy.
13:04 of 3rd period - Stopped by Adin Hill with a rebound.
13:06 of 3rd period - Slapshot by Ryan McDonagh.
13:06 of 3rd period - Shot Blocked by Travis Sanheim.
13:18 of 3rd period - Slapshot by Charlie McAvoy.
13:18 of 3rd period - Shot Blocked by Travis Sanheim.
13:24 of 3rd period - Snap shot by Kaapo Kakko.
13:24 of 3rd period - Stopped by Adin Hill without a rebound.
13:25 of 3rd period - Sidney Crosby wins face-off versus Nick Suzuki in Chicago Black Hawks zone.
14:31 of 3rd period - Alec Martinez is hit by Sidney Crosby and loses puck.
14:50 of 3rd period - Kevin Fiala is hit by Alec Martinez and loses puck.
15:01 of 3rd period - Torey Krug is hit by Cale Makar and loses puck.
15:43 of 3rd period - Lucas Raymond is hit by Matthew Coronato and loses puck.
16:32 of 3rd period - Minor Penalty to Anthony Cirelli for Slashing.
16:33 of 3rd period - Sidney Crosby wins face-off versus Nick Suzuki in Hartford Whalers zone.
16:34 of 3rd period - Snap shot by Brayden Point.
16:34 of 3rd period - Shot Misses the Net.
16:36 of 3rd period - Wrist shot by Brandon Hagel.
16:36 of 3rd period - Shot Misses the Net.
16:38 of 3rd period - Wrist shot by Brandon Hagel.
16:38 of 3rd period - Deflect By Brayden Point.
16:38 of 3rd period - Shot Blocked by Torey Krug.
16:38 of 3rd period - Puck is out of play.
16:39 of 3rd period - Sidney Crosby wins face-off versus Kaapo Kakko in Hartford Whalers zone.
17:57 of 3rd period - Icing by Travis Sanheim.
17:58 of 3rd period - Bo Horvat wins face-off versus Nick Suzuki in Chicago Black Hawks zone.
18:21 of 3rd period - Seth Jones is hit by Joshua Norris and loses puck.
18:32 of 3rd period - Penalty to Anthony Cirelli is over, Anthony Cirelli is back on ice.
18:54 of 3rd period - Slapshot by Kevin Fiala.
18:54 of 3rd period - Stopped by Spencer Knight with a rebound.
19:37 of 3rd period - Off-side.
19:38 of 3rd period - Bo Horvat wins face-off versus Kaapo Kakko in neutral zone.
Goals for this period are 0 for Chicago Black Hawks vs 1 for Hartford Whalers.
Shots for this period are 5 for Chicago Black Hawks vs 12 for Hartford Whalers.
Back to the Top